 Dungeon Crawl Stone Soup version 0.32-a0-471-gb91d5d9764 (webtiles) character file.

Game seed: 513600073258544495

622 Goblin1989 the Sneak (level 7, -11/52 HPs)
             Began as a Demonspawn Delver on Feb 25, 2024.
             Mangled by an ogre
             ... wielding a +0 giant club
              (25 damage)
             ... on level 5 of the Dungeon.
             The game lasted 00:14:54 (4081 turns).

Goblin1989 the Sneak (Demonspawn Delver)            Turns: 4081, Time: 00:14:55

Health: -11/52     AC:  9    Str: 12    XL:     7   Next: 22%
Magic:  7/7        EV: 12    Int: 11    God:
Gold:   213        SH:  4    Dex: 16    Spells: 6/6 levels left

rFire   . .          .
                       - Unarmed
rCold   . . .        (no shield)
rNeg    . . .        b - +0 leather armour
rPois   +            r - +0 helmet
rElec   .            (no cloak)
rCorr   .            (no gloves)
SInv    +            v - +0 pair of boots
Will    .....        (no amulet)
Stlth   +++          o - ring of poison resistance
HPRegen 0.28/turn    B - ring of see invisible
MPRegen 0.10/turn

%: no passive effects
@: no status effects
A: claws 2, icemail 1, condensation shield
a: no special abilities


You were on level 5 of the Dungeon.
You visited 1 branch of the dungeon, and saw 5 of its levels.

You collected 213 gold pieces.

Inventory:

Hand Weapons
 a - a +0 short sword
 x - a +1 mace of protection
Missiles
 l - 44 stones
 u - 13 poisoned darts (quivered)
 w - 8 boomerangs {@Q3}
Armour
 b - a +0 leather armour (worn)
 m - a +0 ring mail
 r - a +0 helmet (worn)
 v - a +0 pair of boots (worn)
Magical Staves
 j - a staff of air
Jewellery
 o - a ring of poison resistance (left claw)
 t - a ring of protection from cold
 B - a ring of see invisible (right claw)
Wands
 g - a wand of digging (3) {@v3}
 H - a wand of polymorph (8)
Scrolls
 c - 2 scrolls of fog
 d - 2 scrolls of revelation
 e - 3 scrolls of fear
 h - a scroll of poison {unknown}
 i - a scroll of brand weapon {unknown}
 k - a scroll of butterflies {unknown}
 p - a scroll of enchant weapon {unknown}
 s - a scroll of torment {unknown}
 A - a scroll of immolation {unknown}
 E - 2 scrolls of amnesia {unknown}
 G - 2 scrolls of identify {unknown}
Potions
 f - a potion of haste {@q3,}
 n - a potion of berserk rage
 q - 2 potions of attraction {unknown}
 z - a potion of cancellation {unknown}
 C - a potion of brilliance {unknown}
 F - a potion of lignification {unknown}
 I - a potion of mutation {unknown}
 J - a potion of invisibility {unknown}
 K - a potion of magic {unknown}


   Skills:
 + Level 3.3 Fighting
 - Level 3.1 Short Blades
 - Level 1.4 Maces & Flails
 - Level 1.0 Throwing
 + Level 1.0 Armour
 + Level 2.2 Dodging
 - Level 5.3 Stealth
 * Level 4.9 Unarmed Combat


You had 6 spell levels left.
You didn't know any spells.
Your spell library contained the following spells:

 Spells                   Type           Power      Damage    Failure   Level
 Kiss of Death            Conj/Necr      0%         2d5       41%         1
 Slow                     Hex            0%         N/A       41%         1
 Cigotuvi's Dreadful Rot  Necr/Alch/Air  0%         N/A       56%         2
 Confusing Touch          Hex            0%         N/A       80%         3
 Sigil of Binding         Hex            0%         N/A       80%         3
 Vampiric Draining        Necr           0%         2d6       80%         3
 Animate Armour           Summ/Erth      0%         N/A       99%         4
 Dispel Undead            Necr           0%         3d6       99%         4
 Martyr's Knell           Necr/Summ      0%         N/A       99%         4
 Summon Lightning Spire   Summ/Air       0%         N/A       99%         4
 Lee's Rapid Deconstruct  Erth           0%         3d4*      100%        5
 Death Channel            Necr           0%         N/A       100%        6


Dungeon Overview and Level Annotations

Branches:
Dungeon (5/15) Zot: 23350
 Temple: D:4-7

Altars:
Fedhas
Kikubaaqudgha
Okawaru
Vehumet

Shops:
D:2 (   D:3 =??


Innate Abilities, Weirdness & Mutations

You have very sharp fingernails.
A meltable icy envelope protects you from harm. (AC +4)
A meltable shield of frost defends you. (SH +4)


Message History

The orc hits you but does no damage.
The orc shouts!
You scratch the orc priest.
You kill the orc priest!
You hear a shout!
Your Armour skill increases to level 1!
The orc attacks as it pursues you! You block the orc's attack.
The orc hits you with a +0 short sword.
An ogre comes into view. It is wielding a +0 giant club.
You take 1 damage, and have 41/52 hp.
You scratch the orc.
The orc is heavily wounded.
The orc hits you with a +0 short sword.
You take 2 damage, and have 40/52 hp.
You scratch the orc but do no damage.
The orc is heavily wounded.
The orc barely misses you.
You closely miss the orc.
The orc is heavily wounded.
The orc hits you with a +0 short sword.
The orc hits the withered plant with a +0 club.
The withered plant begins to crumble.
You take 2 damage, and have 38/52 hp.
You claw the orc!
You kill the orc!
You scratch the orc.
The orc is lightly wounded.
The orc hits the withered plant with a +0 club.
The orc closely misses you.
You barely miss the orc.
The orc is lightly wounded.
The orc hits the withered plant with a +0 club.
You scratch the orc but do no damage.
The orc is lightly wounded.
The orc barely misses you.
You closely miss the orc.
The orc is lightly wounded.
The orc misses you.
You scratch the orc but do no damage.
The orc is lightly wounded.
The withered plant crumbles away.
The orc hits you but does no damage.
You barely miss the orc.
The orc is lightly wounded.
The orc hits you with a +0 mace. The orc barely misses you.
You take 6 damage, and have 34/52 hp.
You barely miss the orc.
The orc is lightly wounded.
The orc hits you with a +0 mace. The orc closely misses you.
You take 4 damage, and have 30/52 hp.
You are too injured to fight recklessly!
You are too injured to fight recklessly!
You are too injured to fight recklessly!
You are too injured to fight recklessly!
You are too injured to fight recklessly!
You are too injured to fight recklessly!
You are too injured to fight recklessly!
You are too injured to fight recklessly!
You are too injured to fight recklessly!
You are too injured to fight recklessly!
You are too injured to fight recklessly!
You are too injured to fight recklessly!
You are too injured to fight recklessly!
You are too injured to fight recklessly!
You are too injured to fight recklessly!
You are too injured to fight recklessly!
You are too injured to fight recklessly!
You are too injured to fight recklessly!
You are too injured to fight recklessly!
You are too injured to fight recklessly!
You are too injured to fight recklessly!
You are too injured to fight recklessly!
You are too injured to fight recklessly!
The ogre attacks as it pursues you! The ogre hits you with a +0 giant club!
* * * LOW HITPOINT WARNING * * *
You take 7 damage, and have 23/52 hp.
The orc attacks as it pursues you! The orc hits you but does no damage.
The orc attacks as it pursues you! The orc barely misses you.
You are too injured to fight recklessly!
You are too injured to fight recklessly!
You claw the orc!
You kill the orc!
You barely miss the orc. You claw the orc!
The orc is almost dead.
You block the orc's attack.
You claw the orc!
You kill the orc!
You scratch the ogre.
The ogre is moderately wounded.
The ogre hits you with a +0 giant club!
* * * LOW HITPOINT WARNING * * *
You take 13 damage, and have 13/52 hp.
MASSIVE DAMAGE!!
You claw the ogre!
The ogre is heavily wounded.
You completely miss the ogre.
The ogre is heavily wounded.
The ogre misses you.
You barely miss the ogre.
The ogre is heavily wounded.
The ogre hits you with a +0 giant club!!
You die... █████ ███████

█████████...████████████ █......
█........P.PP..........███......
█.....P...P.....................
█.........█.....................
█.......███...████.............
█...........P.P█ █.██████......
█............PO█ █.............
█...)██..⌂..██@█ ..............
█....█.......█..█........).>...
█....█████████..█..............
█ █...............█
..<........█.
..█████...........█
...████...... ..o █O..........█
...████...... ((█. █...........█
............. .(o. █...........█
............. █..█).........
.............


You could see an ogre.

Vanquished Creatures
  An ogre (D:4)
  A phantom (D:5)
  A scorpion (D:5)
  4 orc priests
  An iguana (D:3)
  An orc wizard (D:4)
  3 gnolls
  9 adders
  A white imp (D:5)
  2 ufetubi (D:5)
  2 dart slugs (D:4)
  A ribbon worm (D:3)
  18 orcs
  3 ball pythons
  9 bats
  6 endoplasms
  4 giant cockroaches
  4 goblins
  5 hobgoblins
  10 jackals
  6 frilled lizards
  3 kobolds
  5 rats
100 creatures vanquished.

Notes
Turn   | Place    | Note
-------+----------+-------------------------------------------
     0 | D:5      | Goblin1989 the Demonspawn Delver began the quest for the
                  | Orb.
     0 | D:5      | Reached XP level 1. HP: 18/18 MP: 1/1
   114 | D:3      | Found Ickun's Magic Scroll Boutique.
   253 | D:3      | Gained mutation: A meltable shield of frost defends you.
                  | (SH +4) [demonic ancestry]
   253 | D:3      | Reached XP level 2. HP: 24/24 MP: 2/2
   815 | D:1      | Reached skill level 5 in Stealth
   910 | D:1      | Discovered your monstrous ancestry.
   910 | D:1      | Gained mutation: You have sharp fingernails. [demonic
                  | ancestry]
   910 | D:1      | Reached XP level 3. HP: 22/29 MP: 3/3
  1246 | D:2      | Reached skill level 1 in Throwing
  1511 | D:2      | Gained mutation: A meltable icy envelope protects you from
                  | harm. (AC +4) [demonic ancestry]
  1511 | D:2      | Reached XP level 4. HP: 35/35 MP: 4/4
  1647 | D:2      | Found Isoqut's Weapon Shoppe.
  2099 | D:2      | Reached skill level 1 in Maces & Flails
  2400 | D:3      | Reached skill level 1 in Unarmed Combat
  2400 | D:3      | Gained mutation: You have very sharp fingernails. [demonic
                  | ancestry]
  2400 | D:3      | Reached XP level 5. HP: 32/41 MP: 5/5
  2460 | D:3      | Found Batrehos's Jewellery Emporium.
  2543 | D:3      | Found Hisadox's Magic Scroll Shop.
  3252 | D:4      | Found a blossoming altar of Fedhas.
  3437 | D:4      | Found an iron altar of Okawaru.
  3447 | D:4      | Reached XP level 6. HP: 47/47 MP: 6/6
  3991 | D:5      | Reached XP level 7. HP: 52/52 MP: 7/7
  4001 | D:5      | Found an ancient bone altar of Kikubaaqudgha.
  4032 | D:5      | Found a radiant altar of Vehumet.
  4046 | D:5      | Reached skill level 1 in Armour
  4081 | D:5      | Mangled by an ogre

Illustrated notes

Levels and vault maps discovered:
D:1:      saegor_arrival_under_anarchy, layout_rooms
D:2:      layout_basic, serial_shops, nicolae_shop_bloodbath_and_beyond
D:3:      layout_basic, serial_shops, nicolae_diamond_shop,
          nicolae_shop_statue_plus, nicolae_shop_advertising_works
          [nicolae_subvault_shop_adworks]
D:4:      layout_cave_pools, fedhas_altar_2, mainiacjoe_overflow_alcove_1
D:5:      layout_basic, mainiacjoe_overflow_catwalk, kiku_gazebo_garden_becter,
          dreamdust_mushroom_princess

Skill      XL: |  1  2  3  4  5  6  7 |
---------------+----------------------+-----
Short Blades   | 2 3 |  3.1
Stealth        | 5 |  5.3
Throwing       | 1 |  1.0
Maces & Flails | 1 |  1.4
Unarmed Combat | 1 3 4 |  4.9
Dodging        | 2 |  2.2
Armour         | 1 |  1.0
Fighting       | |  3.3

Action                     |  1- 3 |  4- 6 |  7- 9 || total
---------------------------+-------+-------+-------++-------
  Melee: Short sword       |   152 |    40 |       ||   192
         Mace              |       |   125 |       ||   125
         Unarmed           |       |    76 |    29 ||   105
         Punch             |       |       |     1 ||     1
  Throw: Dart              |       |       |     5 ||     5
  Evoke: Wand              |       |    11 |       ||    11
    Use: Scroll            |       |     1 |       ||     1
         Potion            |       |     1 |       ||     1
   Stab: Sleeping          |     6 |     3 |     1 ||    10
 Armour: Leather armour    |    84 |   138 |    13 ||   235
  Dodge: Dodged            |    70 |   118 |    11 ||   199
  Block: Other             |    25 |    44 |     2 ||    71

Table legend: (Time is in decaauts)
 A = Elapsed time spent in this place.
 B = Non-inter-level travel time spent in this place.
 C = Inter-level travel time spent in this place.
 D = Time resting spent in this place.
 E = Time spent auto-exploring this place.
 F = Levels seen in this place.
 G = Mean time per level.
                   A        B        C        D        E       F      G
               +--------+--------+--------+--------+--------+-----+--------+
         Total |   4102 |   3936 |    166 |    236 |   2357 |   5 |  820.4 |
       Dungeon |   4102 |   3936 |    166 |    236 |   2357 |   5 |  820.4 |
               +--------+--------+--------+--------+--------+-----+--------+

Top non-repeatable levels by time:
     D:3: 1400 daAuts
     D:2: 1085 daAuts
     D:4: 690 daAuts
     D:1: 677 daAuts
     D:5: 249 daAuts
